 Dungeon Crawl Stone Soup version 0.22-a0-32-ga749362 (webtiles) character file.

321 grindst0ne the Skirmisher (level 6, -1/68 HPs)
             Began as an Ogre Hunter on Jan 3, 2018.
             Slain by Robin
             ... wielding a +0 mace
              (2 damage)
             ... on level 4 of the Dungeon.
             The game lasted 00:21:44 (5226 turns).

grindst0ne the Skirmisher (Ogre Hunter)             Turns: 5226, Time: 00:21:45

Health: -1/68      AC:  4    Str: 13 (17) XL:     6   Next: 46%
Magic:  6/6        EV:  9    Int: 11      God:
Gold:   125        SH:  0    Dex:  6 (9)  Spells: 5/5 levels left

rFire    . . .     SeeInvis .   a - +0 short sword
rCold    . . .     Gourm    .   (no shield)
rNeg     . . .     Faith    .   b - +0 robe
rPois    .         Spirit   .   (helmet restricted)
rElec    .         Reflect  .   n - +0 cloak
rCorr    .         Harm     .   (gloves unavailable)
MR       .....                  (boots unavailable)
Stlth    +.........             (no amulet)
HPRegen  0.21/turn              e - -3 ring of intelligence
MPRegen  0.10/turn              (no ring)

@: no status effects
A: large, unfitting armour, deterioration 1, tough skin 1
a: no special abilities


You were on level 4 of the Dungeon.
You were hungry.

You visited 1 branch of the dungeon, and saw 4 of its levels.

You collected 125 gold pieces.

Inventory:

Hand Weapons
 a - a +0 short sword (weapon)
Missiles
 c - 6 stones (quivered)
Armour
 b - a +0 robe (worn)
 n - a +0 cloak (worn)
Jewellery
 e - a -3 ring of intelligence (left hand)
Wands
 k - a wand of polymorph (4)
Scrolls
 g - a scroll of amnesia
 i - a scroll of blinking {unknown}
 l - a scroll of enchant armour {unknown}
 p - a scroll of enchant weapon {unknown}
 q - a scroll of remove curse
Comestibles
 f - 8 rations


   Skills:
 + Level 6.4 Fighting
 + Level 6.0 Throwing
 - Level 1.7 Dodging
 - Level 0.6 Stealth


You had 5 spell levels left.
You didn't know any spells.

Dungeon Overview and Level Annotations

Branches:
Dungeon (4/15)
 Temple: D:4-7

Altars:
Makhleb
Nemelex Xobeh

Annotations:
D:2 exclusion: 2 downstairs
D:3 wvc's ghost, amateur DsGl
D:4 Robin; Sigmund


Innate Abilities, Weirdness & Mutations

You are too large for most types of armour.
You have tough skin. (AC +1)
Your body sometimes deteriorates upon taking damage.


Message History

Robin is lightly wounded.
Robin hits you with a mace.
* * * LOW HITPOINT WARNING * * *
The goblin hits you with a club.
* * * LOW HITPOINT WARNING * * *
You hit Robin.
Robin is moderately wounded.
Robin hits you with a mace.
* * * LOW HITPOINT WARNING * * *
The goblin hits you with a club.
* * * LOW HITPOINT WARNING * * *
You hit Robin but do no damage.
Robin is moderately wounded.
Robin completely misses you. The goblin hits you but does no damage.
You aren't carrying any potions.
As you read the scroll labeled FIANIQ JEATI, it crumbles to dust.
It is a scroll of amnesia.
You feel forgetful for a moment. The goblin hits you but does no damage.
Robin hits you with a mace.
You die...

#.######..'g..# .# #.#
#.##...# .# ###.####
#.##g.g# ..# #......#
#.##..g##.##..
#.#.##[###.####g.......
#.#.##.#...####...#...#
#.#....#..............#
#.#############<#####.###
#(...<.g@g((...(.........
#####.#########.###.#.###
#...........# #......
############# #.#.###
#.#.# #.#.# #############
#.#.# #...........#
#.#.### #.#########.#
#......


You could see Robin and a goblin.

Vanquished Creatures
  Eustachio (D:4)
  A scorpion (D:4)
  7 adders
  2 oozes
  2 dart slugs
  A leopard gecko (D:2)
  2 orcs
  A giant cockroach (D:3)
  13 goblins
  5 hobgoblins
  3 jackals (D:1)
  5 bats
  8 frilled lizards
  9 kobolds
  4 rats
64 creatures vanquished.

Notes
Turn   | Place    | Note
-------+----------+-------------------------------------------
     0 | D:1      | grindst0ne the Ogre Hunter began the quest for the Orb.
     0 | D:1      | Reached XP level 1. HP: 22/22 MP: 1/1
   152 | D:1      | Reached XP level 2. HP: 26/31 MP: 2/2
  1202 | D:1      | Reached XP level 3. HP: 39/39 MP: 3/3
  1322 | D:2      | Found a faded altar of an unknown god.
  1871 | D:2      | Reached XP level 4. HP: 23/49 MP: 4/4
  2302 | D:3      | Reached skill level 5 in Throwing
  2548 | D:3      | Gained mutation: Your body sometimes deteriorates upon taking damage. [mutagenic glow]
  2628 | D:3      | Found a burning altar of Makhleb.
  2667 | D:3      | Noticed wvc's ghost (amateur DsGl)
  2729 | D:3      | Found a sparkling altar of Nemelex Xobeh.
  3351 | D:3      | Reached skill level 5 in Fighting
  3499 | D:3      | Reached XP level 5. HP: 54/57 MP: 5/5
  3993 | D:4      | Noticed Sigmund
  4411 | D:4      | Noticed Eustachio
  4549 | D:4      | Killed Eustachio
  4549 | D:4      | Reached XP level 6. HP: 7/68 MP: 6/6
  5167 | D:4      | Noticed Robin
  5224 | D:4      | HP: 1/68 [goblin/club[Robin] (3)]
  5226 | D:4      | Slain by Robin

Vault maps used:
D:1:      matt_arrival_refuge
D:2:      chequers_ecumenical_altar_island
D:3:      lemuel_doored_altar, nemelex_xobeh_ov_fountains_minmay, first_ration
D:4:      vehumet_statue, nicolae_overflow_hidden_temple, uniq_sigmund,
          uniq_robin, uniq_eustachio

Skill      XL: |  1  2  3  4  5 |
---------------+----------------+-----
Fighting       | 3 4 5 6 |  6.4
Throwing       | 5 6 |  6.0
Dodging        | |  1.7
Stealth        | |  0.6

Action                   |  1- 3 |  4- 6 || total
-------------------------+-------+-------++-------
Melee: Short sword       |   104 |    40 ||   144
       Dagger            |       |    41 ||    41
Throw: Large rock        |    52 |    32 ||    84
       Throwing net      |     4 |       ||     4
       Stone             |       |    27 ||    27
  Use: Scroll            |     4 |     5 ||     9
       Potion            |     2 |     5 ||     7
  Eat: Chunk             |     3 |     3 ||     6
       Ration            |       |     2 ||     2
Armor: Robe              |    53 |    68 ||   121
Dodge: Dodged            |   101 |   170 ||   271

Table legend:
 A = Spawn XP
 B = Non-spawn XP
 C = Spawn XP percentage of total XP
 D = Spawn monster count
 E = Non-spawn monster count
 F = Spawn count percentage of total count
 G = Total turns spent on level
                    A         B        C        D         E        F      G
               +---------+---------+-------+---------+---------+-------+---------
         Total |       0 |     459 |   0.0 |       0 |      64 |   0.0 |  5226
               +---------+---------+-------+---------+---------+-------+---------
           D:1 |       0 |      41 |   0.0 |       0 |      25 |   0.0 |  1466
           D:2 |       0 |      51 |   0.0 |       0 |      13 |   0.0 |  1238
           D:3 |       0 |      85 |   0.0 |       0 |      14 |   0.0 |  1802
           D:4 |       0 |     282 |   0.0 |       0 |      12 |   0.0 |   720
               +---------+---------+-------+---------+---------+-------+---------
